AoeStats
← JAGR | Javi

Arabia

509745759Analyzed
1v1 RM · 4d ago on Sep 27, 2026· 52m 15s· 2 players
Game mode
Random Map
Map size
Tiny (2 player)
Population
200
Speed
Normal
Resources
Standard
Victory
Conquest
Starting age
Dark Age
Ending age
Imperial Age
RankedLock teamsTeams togetherTeam positionsShared explorationLock speedFull tech treeHidden civsTurbo modeCheats
Victory
Defeat
🇵🇪 Franks · Peru
1125
+16
🇸🇪 Turks · Sweden
1130
-16
JAGR | Javi
6:20 Loom
9:08 Feudal Age
9:50 Double-Bit Axe
14:23 Wheelbarrow
22:04 Castle Age
20:16 Gold Mining
22:25 Forging
23:19 Husbandry
23:27 Scale Barding Armor
23:40 Hand Cart
24:41 Pikeman
26:35 Iron Casting
28:07 Scale Mail Armor
29:07 Bow Saw
38:00 Imperial Age
37:39 Fletching
38:10 Chain Barding Armor
38:06 Chain Mail Armor
37:49 Elite Skirmisher
38:31 Padded Archer Armor
38:26 Bodkin Arrow
40:14 Halberdier
41:25 Town Watch
42:26 Plate Barding Armor
42:55 Blast Furnace
42:25 Plate Mail Armor
42:11 Leather Archer Armor
42:54 Conscription
42:12 Cavalier
45:17 Masonry
46:10 Chemistry
46:22 Squires
46:09 Gambesons
46:11 Arson
AmadeusChörl
6:48 Loom
9:59 Feudal Age
13:55 Double-Bit Axe
16:32 Horse Collar
22:54 Castle Age
24:22 Forging
24:18 Scale Barding Armor
27:12 Wheelbarrow
28:08 Bow Saw
28:24 Husbandry
29:00 Bloodlines
33:49 Heavy Plow
36:57 Imperial Age
37:06 Gold Mining
38:09 Stone Mining
39:27 Chain Barding Armor
41:46 Gold Shaft Mining
42:16 Iron Casting
41:50 Heavy Camel Rider
47:12 Two-Man Saw
50:50 Conscription
Connection lost

Rejoining the realm…

Still unreachable

The connection could not be restored.

Session expired

The server has moved on; the page needs a fresh start.